 Dungeon Crawl Stone Soup version 0.29-a0-791-ga0f254aafb (webtiles) character file.

Game seed: 16142129309840031497

82 Malachi the Sneak (level 4, -2/34 HPs)
             Began as an Octopode Brigand on July 3, 2022.
             Slain by an orc
             ... wielding a +0 club
              (3 damage)
             ... on level 2 of the Dungeon.
             The game lasted 00:01:57 (2260 turns).

Malachi the Sneak (Octopode Brigand)                Turns: 2260, Time: 00:01:57

Health: -2/34      AC:  1    Str:  8 (10) XL:     4   Next: 43%
Magic:  4/4        EV: 12    Int: 10 (13) God:
Gold:   80         SH:  0    Dex: 14 (15) Spells: 3/3 levels left

rFire   . . .      SeeInvis .   a - +2 dagger
rCold   . . .      Faith    .   (no shield)
rNeg    + . .      Spirit   .   (helmet restricted)
rPois   .          Reflect  .   (no amulet)
rElec   .          Harm     .   f - ring of positive energy
rCorr   .          Rampage  .   (no ring)
Will    .....                   (no ring)
Stlth   ++++......              (no ring)
HPRegen 0.11/turn               (no ring)
MPRegen 0.09/turn               (no ring)
                                (no ring)
                                (no ring)

@: flying
A: almost no armour, amphibious, 8 rings, camouflage 1, gelatinous body 1,
(nimble swimmer 1), tentacles
a: no special abilities


You were on level 2 of the Dungeon.
You visited 1 branch of the dungeon, and saw 3 of its levels.

You collected 80 gold pieces.

Inventory:

Hand Weapons
 a - a +2 dagger (weapon)
Missiles
 b - 9 poisoned darts (quivered)
 c - 3 curare-tipped darts
Jewellery
 f - a ring of positive energy (left tentacle)
 n - a +4 ring of protection
Scrolls
 e - 2 scrolls of identify {unknown}
 g - a scroll of poison {unknown}
 h - a scroll of immolation {unknown}
 i - a scroll of enchant armour {unknown}
 j - a scroll of amnesia {unknown}
 m - 3 scrolls of teleportation {unknown}
 o - a scroll of blinking {unknown}
 p - a scroll of enchant weapon {unknown}
Potions
 d - a potion of curing
 k - a potion of flight


   Skills:
 * Level 4.5 Fighting
 - Level 2.0 Short Blades
 - Level 2.0 Throwing
 - Level 1.0 Dodging
 - Level 5.3 Stealth


You had 3 spell levels left.
You didn't know any spells.
Your spell library contained the following spells:

 Spells                   Type           Power      Damage    Failure   Level
 Magic Dart               Conj           0%         1d3       36%         1
 Searing Ray              Conj           0%         2d4       50%         2
 Call Canine Familiar     Summ           0%         N/A       75%         3
 Portal Projectile        Hex/Tloc       0%         N/A       75%         3
 Fulminant Prism          Conj/Hex       0%         3d6       98%         4
 Leda's Liquefaction      Hex/Erth       0%         N/A       98%         4
 Malign Gateway           Summ/Tloc      0%         N/A       100%        7
 Summon Horrible Things   Summ           0%         N/A       100%        8


Dungeon Overview and Level Annotations

Branches:
Dungeon (3/15)

Altars:
Qazlal


Innate Abilities, Weirdness & Mutations

You cannot wear most types of armour.
You are amphibious.
You can wear up to eight rings at the same time.
Your skin changes colour to match your surroundings (Stealth+).
Your rubbery body absorbs attacks. (AC +1, EV +1)
((You are camouflaged when in or above water. (Stealth+)))
You have tentacles for arms and can constrict up to eight enemies at once.


Message History

You are too injured to fight recklessly!
You are too injured to fight recklessly!
You are too injured to fight recklessly!
You release your grip on the orc.
The bat attacks as you move away! The bat hits you.
The orc attacks as you move away! The orc hits you with a +0 whip.
* * * LOW HITPOINT WARNING * * *
The bat barely misses you.
Okay, then.
It was a potion of flight.
You feel very buoyant.
You fly up into the air.
The orc misses you. The orc hits you with a +0 club.
* * * LOW HITPOINT WARNING * * *
It was a potion of degeneration.
There was something very wrong with that liquid.
You feel weakened.
You feel dopey.
You feel clumsy. The bat closely misses you. The orc hits you with a +0 whip.
* * * LOW HITPOINT WARNING * * *
The orc barely misses you.
You hit the orc. You grab the orc.
The orc is moderately wounded.
You constrict the orc. The bat barely misses you.
The orc hits you with a +0 club.
* * * LOW HITPOINT WARNING * * *
The orc hits you but does no damage.
You hit the orc.
You kill the orc!
The bat hits you.
* * * LOW HITPOINT WARNING * * *
The orc hits you with a +0 club.
* * * LOW HITPOINT WARNING * * *
You barely miss the orc. You grab the orc.
The orc is severely wounded.
You constrict the orc, but do no damage.
The bat barely misses you. The orc barely misses you.
You hit the orc but do no damage.
The orc is severely wounded.
You constrict the orc, but do no damage.
The bat hits you but does no damage. The orc hits you with a +0 club.
You die...

#......# #...... #......#
#...... #......#
##########...
#......########......###...
#......##............'.'...
#.............>......###...
#....[.........)..^..######
#........b)..........+.....
####.....o@..........###...
###...#########...# #...
###.# #...# #... #######.#
#...# #... #....<..# #####
#... #.########### #... #.#
#.......# #...
#.###.......# ###.
#...'.......########## #.


You could see an orc and a bat.

Vanquished Creatures
  An adder (D:2)
  2 dart slugs (D:2)
  2 orcs
  3 bats
  2 endoplasms
  A giant cockroach (D:1)
  9 goblins
  13 hobgoblins
  4 jackals (D:1)
  5 quokkas (D:1)
  3 ball pythons (D:1)
  A frilled lizard (D:2)
  4 kobolds
  6 rats
56 creatures vanquished.

Vanquished Creatures (others)
  A kraken (D:1)
  A ghoul (D:1)
  A minotaur (D:1)
  A vine stalker (D:1)
  A merfolk (D:1)
  A troll (D:1)
  A human (D:1)
  A spriggan (D:1)
  A tengu (D:1)
  8 tentacles (D:1)
17 creatures vanquished.

Grand Total: 73 creatures vanquished

Notes
Turn   | Place    | Note
-------+----------+-------------------------------------------
     0 | D:1      | Malachi the Octopode Brigand began the quest for the Orb.
     0 | D:1      | Reached XP level 1. HP: 14/14 MP: 1/1
     0 | D:1      | Noticed a minotaur
     0 | D:1      | Noticed a tengu
     0 | D:1      | Noticed a spriggan
     0 | D:1      | Noticed a merfolk
     0 | D:1      | Noticed a human
     0 | D:1      | Noticed a ghoul
     0 | D:1      | Noticed a kraken
     0 | D:1      | Noticed a troll
     0 | D:1      | Noticed a vampire
     0 | D:1      | Noticed a vine stalker
     0 | D:1      | Noticed a vine stalker
     0 | D:1      | Noticed a formicid
     0 | D:1      | Noticed a ghoul
     3 | D:1      | Killed a tengu
     4 | D:1      | Killed a spriggan
     5 | D:1      | Killed a vine stalker
     5 | D:1      | Killed a human
     7 | D:1      | Killed a minotaur
     9 | D:1      | Killed a merfolk
    12 | D:1      | Killed a troll
    13 | D:1      | Killed a ghoul
    15 | D:1      | Killed a kraken
   176 | D:1      | Reached XP level 2. HP: 14/20 MP: 2/2
   842 | D:1      | Reached XP level 3. HP: 26/26 MP: 3/3
  1361 | D:2      | Found a stormy altar of Qazlal.
  1698 | D:2      | Reached XP level 4. HP: 33/33 MP: 4/4
  2258 | D:2      | HP: 1/34 [orc/+0 club (1)]
  2260 | D:2      | Slain by an orc

Illustrated notes

Levels and vault maps discovered:
D:1:      nicolae_arrival_kraken_aquarium_a, layout_basic,
          minmay_split_cup_small
D:2:      cheibrodos_greedy_goblins, layout_basic, basic_altar
D:3:      layout_basic, nicolae_uskayaw_murder_on_the_dancefloor,
          hellmonk_ghost_happy_afterlife, shapermc_ecumenical_altar_ellora

Skill      XL: |  1  2  3 |
---------------+----------+-----
Fighting       | 3 4 |  4.5
Short Blades   | |  2.0
Throwing       | |  2.0
Dodging        | |  1.0
Stealth        | |  5.3

Action                   |  1- 3 |  4- 6 || total
-------------------------+-------+-------++-------
Melee: Dagger            |    63 |    35 ||    98
       Constrict         |    18 |    10 ||    28
       Tentacles         |    11 |     5 ||    16
  Use: Potion            |       |     3 ||     3
 Stab: Sleeping          |    16 |     3 ||    19
       Distracted        |       |     1 ||     1
Armor: Skin              |     6 |     5 ||    11
Dodge: Dodged            |    21 |    24 ||    45

Table legend: (Time is in decaauts)
 A = Elapsed time spent in this place.
 B = Non-inter-level travel time spent in this place.
 C = Inter-level travel time spent in this place.
 D = Time resting spent in this place.
 E = Time spent auto-exploring this place.
 F = Levels seen in this place.
 G = Mean time per level.
                   A        B        C        D        E       F      G
               +--------+--------+--------+--------+--------+-----+--------+
         Total |   2249 |   2185 |     64 |    235 |   1607 |   3 |  749.7 |
       Dungeon |   2249 |   2185 |     64 |    235 |   1607 |   3 |  749.7 |
               +--------+--------+--------+--------+--------+-----+--------+

Top non-repeatable levels by time:
     D:1: 1286 daAuts
     D:2: 958 daAuts
     D:3: 4 daAuts
